 Dungeon Crawl Stone Soup version 0.16.1-18-g436b03c (webtiles) character file.

254706 noize the Unseen (level 20, -12/100 HPs)
             Began as a Vine Stalker Enchanter on May 4, 2015.
             Was the Champion of Dithmenos.
             Mangled by an ironbrand convoker
             ... wielding a +0 morningstar
              (20 damage)
             ... on level 2 of the Vaults on May 5, 2015.
             The game lasted 04:57:12 (42975 turns).

noize the Unseen (Vine Stalker Enchanter)          Turns: 42975, Time: 04:57:12

Health: -12/100    AC: 14    Str:  9    XL:     20   Next: 19%
Magic:  0/52       EV: 20    Int: 26    God:    Dithmenos [******]
Gold:   3707       SH:  0    Dex: 13    Spells: 11 memorised, 5 levels left

rFire  . . .     SeeInvis +     P - +7 dagger of the Hidden Suns {pierce, +Rage rC+ MR+ Str-2}
rCold  + . .     Clarity  .     w - +2 robe {MR+}
rNeg   . . .     SustAb   .     (no shield)
rPois  +         Gourm    .     f - +3 hat of Pondering {ponderous, MR+ MP+10 Int+5}
rElec  .         Spirit   +     y - +2 cloak
rCorr  .         Warding  .     W - +1 pair of gloves of Ladders and Snakes {rPois Regen+ Dex-4}
rMut   .         Stasis   .     M - +0 pair of boots
MR     +++++                    E - amulet of faith
Stlth  ++++++++++               U - ring of the Octopus King {AC+1 EV+1 Str+1 Int+1 Dex+1 SInv}
                                D - ring of Ecwugunt {MR+ MP+9 Stlth+}

@: very slightly contaminated, wreathed by umbra, invisible, slow, almost
entirely resistant to hostile enchantments, uncannily stealthy
A: fangs 3, breathe flames 1, clumsy 1, regeneration 3, weak 1, magic shield,
antimagic bite, no device heal 3, rot immunity
a: Shadow Step, Shadow Form, Renounce Religion, Breathe Fire, Evoke Berserk Rage
}: 1/15 runes: serpentine


You were on level 2 of the Vaults.
You worshipped Dithmenos.
Dithmenos was exalted by your worship.
You were very hungry.

You visited 8 branches of the dungeon, and saw 38 of its levels.
You also visited: Bailey and Volcano.

You collected 5757 gold pieces.
You spent 2050 gold pieces at shops.

Inventory:

Hand weapons
 z - a +1 dagger of electrocution
 P - the +7 dagger of the Hidden Suns (weapon) {pierce, +Rage rC+ MR+ Str-2}
   (You found it on level 7 of the Dungeon)

   It inflicts extra damage upon your enemies.
   It affects your strength (-2).
   It protects you from cold.
   It affects your resistance to hostile enchantments.
   It lets you go berserk.
Missiles
 i - 5 poisoned javelins (quivered)
 s - 38 tomahawks
 I - 2 throwing nets
Armour
 f - the +3 hat of Pondering (worn) {ponderous, MR+ MP+10 Int+5}
   (You took it off Gastronok on level 1 of the Lair of Beasts)

   It affects your intelligence (+5).
   It affects your resistance to hostile enchantments.
   It affects your magic capacity (+10).
 w - a +2 robe of magic resistance (worn)
 y - a +2 cloak (worn)
 M - a +0 pair of boots (worn)
 R - the +0 robe "Boykotos" {rElec rF+ Str-5 Int+4 SInv}
   (You bought it in a shop on level 1 of the Vaults)

   It affects your strength (-5).
   It affects your intelligence (+4).
   It protects you from fire.
   It insulates you from electricity.
   It enhances your eyesight.
 W - the +1 pair of gloves of Ladders and Snakes (worn) {rPois Regen+ Dex-4}
   (You bought it in a shop on level 9 of the Dungeon)

   It affects your dexterity (-4).
   It protects you from poison.
   It increases your rate of regeneration.
Magical staves
 S - an uncursed staff of conjuration
 X - an uncursed staff of earth {unknown}
Jewellery
 e - an uncursed ring of teleport control
 k - an uncursed ring of stealth
 n - a cursed -5 ring of protection {unknown}
 o - an uncursed ring of protection from magic
 p - the ring "Aseteiz" {rElec MR+ Str-2 Int+6 Dex-4}
   (You found it in a bailey)

   [ring of dexterity]

   It affects your strength (-2).
   It affects your intelligence (+6).
   It affects your dexterity (-4).
   It insulates you from electricity.
   It affects your resistance to hostile enchantments.
 x - an uncursed amulet of clarity
 D - the ring of Ecwugunt (left hand) {MR+ MP+9 Stlth+}
   (You took it off a naga on level 2 of the Snake Pit)

   [ring of magical power]

   It affects your resistance to hostile enchantments.
   It affects your magic capacity (+9).
   It makes you more stealthy.
 E - an amulet of faith (around neck)
 G - an uncursed ring of wizardry
 H - an uncursed ring of invisibility {unknown}
 J - an uncursed ring of sustain abilities
 K - an uncursed ring of flight
 U - a ring of the Octopus King (right hand) {AC+1 EV+1 Str+1 Int+1 Dex+1 SInv}
   (You found it on level 8 of the Dungeon)

   [ring of see invisible]

   It affects your AC (+1).
   It affects your evasion (+1).
   It affects your strength (+1).
   It affects your intelligence (+1).
   It affects your dexterity (+1).
   It enhances your eyesight.
 Y - an uncursed ring of positive energy {unknown}
Magical devices
 b - a wand of digging (17)
 c - a wand of hasting (5)
 t - a wand of disintegration (5)
 F - a wand of disintegration (3)
 N - a wand of teleportation (6)
 O - a wand of fire (3)
Scrolls
 h - 7 scrolls of teleportation
 j - 2 scrolls of amnesia
 v - 3 scrolls of remove curse
Potions
 l - a potion of agility
 m - a potion of ambrosia {unknown}
 A - 3 potions of magic {unknown}
 C - 10 potions of curing
 T - a potion of flight
Books
 d - a book of Clouds

   Spells                             Type                      Level
   a - Mephitic Cloud                 Conjuration/Poison/Air       3
   b - Conjure Flame                  Conjuration/Fire             3
   c - Poisonous Cloud                Conjuration/Poison/Air       6
   d - Freezing Cloud                 Conjuration/Ice/Air          6
   e - Ring of Flames                 Charms/Fire                  7
 r - an Akashic Record {highlevel, unknown}

   This book is beyond your current level of understanding.

   Spells                             Type                      Level
   a - Dispersal                      Translocation                6
   b - Controlled Blink               Translocation                7
   c - Malign Gateway                 Summoning/Translocation      7
   d - Disjunction                    Translocation                8
   e - Singularity                    Translocation                9
 B - a book of Burglary

   Spells                             Type                      Level
   a - Swiftness                      Charms/Air                   2
   b - Passwall                       Transmutation/Earth          3
   c - Passage of Golubria            Translocation                4
   d - Lee's Rapid Deconstruction     Earth                        5
   e - Invisibility                   Hexes                        6
   f - Darkness                       Hexes                        7
Miscellaneous
 q - a crystal ball of energy
 L - a phial of floods
Comestibles
 a - 16 meat rations
 g - a slice of pizza
 u - 11 beef jerkies
 Q - 3 fruits
 V - 2 bread rations
 Z - 7 chunks of flesh


   Skills:
 - Level 9.0 Fighting
 + Level 13.4 Short Blades
 + Level 12.3 Dodging
 + Level 19.8 Stealth
 - Level 9.5 Spellcasting
 + Level 12.2 Conjurations
 - Level 12.0 Hexes
 - Level 10.0 Charms
 + Level 8.6 Ice Magic
 + Level 5.8 Evocations


You had 5 spell levels left.
You knew the following spells:

 Your Spells              Type           Power        Failure   Level  Hunger
a - Repel Missiles        Chrm/Air       #####.       1%          2    None
b - Ensorcelled Hibernat  Hex/Ice        ######       1%          2    None
c - Confuse               Hex            ######..     1%          3    None
d - Magic Dart            Conj           ####         1%          1    None
e - Blink                 Tloc           N/A          10%         2    None
f - Mephitic Cloud        Conj/Pois/Air  ####....     3%          3    None
g - Invisibility          Hex            ######..     8%          6    ######.
h - Apportation           Tloc           ##........   6%          1    None
i - Lightning Bolt        Conj/Air       #####.....   12%         5    ####...
j - Freezing Cloud        Conj/Ice/Air   #####.....   50%         6    ######.
k - Swiftness             Chrm/Air       #####...     1%          2    None


Dungeon Overview and Level Annotations

Branches:
Dungeon (15/15)            Temple (1/1) D:4            Lair (8/8) D:8
 Shoals (2/5) Lair:6        Snake (5/5) Lair:3        Slime (0/6) Lair:7
    Orc (4/4) D:11            Elf (0/3) Orc:3        Vaults (2/5) D:14
 Depths (1/5) D:15
  Crypt: Vaults:2-3

Altars:
Ashenzari
Cheibriados
Dithmenos
Elyvilon
Fedhas
Gozag
Kikubaaqudgha
Makhleb
Nemelex Xobeh
Qazlal
Ru
Sif Muna
Trog
Vehumet
Xom
Yredelemnul
Zin
The Shining One
Beogh
Jiyva

Shops:
D:4 [   D:9 [   D:13 !   D:14 (   Orc:1 =   Orc:4 ![}:   Snake:1 }
Vaults:1 ([(   Vaults:2 }

Portals:
Hell: Depths:1*
Abyss: Depths:1
Trove: Vaults:1 (give wand of hasting (8))


Innate Abilities, Weirdness & Mutations

You have razor-sharp teeth.
You regenerate.
When hurt, damage is shared between your health and your magic reserves.
Your bite disrupts and absorbs the magic of your enemies.
Potions and wands cannot restore your health.
You are immune to rotting.
You can breathe flames.
You are clumsy. (Dex -2)
You are weak. (Str -2)


Message History

The orc warrior hits itself with a vampiric battleaxe!!
The orc warrior is healed.
The tentacled monstrosity tentacle-slaps you!
* * * LOW HITPOINT WARNING * * *
The tentacled monstrosity tentacle-slaps you but does no damage. x2
* * * LOW HITPOINT WARNING * * *
The tentacled monstrosity constricts you.
Unknown command.
You escape the tentacled monstrosity's grasp.
The jumping spider pounces on you!
* * * LOW HITPOINT WARNING * * *
The jumping spider bites you but does no damage.
The jumping spider pounces on you.
* * * LOW HITPOINT WARNING * * *
The jumping spider misses you.
An ironbrand convoker comes into view. It is wielding a morningstar.
The ironbrand convoker shouts!
The jumping spider leaps!
The ironbrand convoker hits you with a morningstar!!
You die...

#########
#........###########
#.....s..#.........###
#........'.........#..
#........'.........#..
#..!.....#.....§...'..
#...p....#......§..#..
##'##@####.......§.#..
. #§§.# #.........#..
#X..# #############
#J#### .o#


po.C #'### You could see a tentacled monstrosity, a slime creature (wandering),
an ironbrand convoker and a jumping spider.

Vanquished Creatures
  The ghost of Thomus the Severer, a mighty HOFi of Okawaru (Snake:4)
  A sphinx (Vaults:2)
  Frances (D:15)
  8 greater nagas
  An orc warlord (Orc:4)
  An emperor scorpion (Depths:1)
  Aizul (Snake:5)
  3 vault wardens (Vaults:1)
  Gastronok (Lair:1)
  6 ironheart preservers
  A very ugly thing (Vaults:1)
  4 rakshasas
  4 stone giants
  A mottled draconian (Volcano)
  2 dire elephants (Depths:1)
  The ghost of Alarkh the Martial Artist, a powerful OpTm of Okawaru (Lair:6)
  A merfolk impaler (Shoals:1)
  A deep elf death mage (Vaults:2)
  12 vault guards
  A fire dragon (Vaults:1)
  5 yaktaur captains
  Fannar (Orc:4)
  14 naga warriors
  A merfolk avatar (Shoals:1)
  6 hydras
  4 catoblepae
  17 anacondas
  4 deep troll earth magi (Vaults:1)
  4 ogre magi
  16 death yaks (Lair:8)
  4 centaur warriors
  A merfolk aquamancer (Shoals:1)
  2 deep troll shamans
  The ghost of ronnideworm the Severer, an experienced MiBe of Trog (Volcano)
  3 tengu warriors
  6 orc high priests (Orc:4)
  12 shock serpents
  24 naga sharpshooters
  A hell knight (Vaults:1)
  A fire crab (Lair:7)
  2 unseen horrors
  2 iron trolls (Depths:1)
  A flayed ghost (Vaults:2)
  6 skeletal warriors
  2 salamander mystics (Snake:5)
  A giant orange brain (Vaults:2)
  8 deep trolls
  8 sea snakes
  10 naga ritualists
  15 mana vipers
  9 hill giants
  A wizard (D:15)
  5 ironbrand convokers
  A lindwurm (Lair:8)
  6 griffons
  2 necromancers
  7 orc knights
  A deep elf conjurer (D:15)
  3 harpies (Shoals:1)
  A sphinx zombie (Vaults:1)
  An oklob plant (Lair:7)
  9 orc sorcerers
  24 ugly things
  A wolf spider (Vaults:1)
  2 manticores
  4 fauns (Shoals:1)
  A water nymph (Shoals:1)
  4 cyclopes
  A guardian serpent (shapeshifter) (D:15)
  4 vault sentinels
  A centaur zombie (D:14)
  21 naga magi
  49 black mambas
  A human skeleton (Vaults:1)
  4 guardian serpents
  2 sirens
  8 salamanders
  4 elephants (Lair:4)
  A queen ant (D:8)
  A yaktaur (shapeshifter) (D:14)
  2 torpor snails
  15 spiny frogs
  14 yaktaurs
  A fire drake (Lair:7)
  An elf (shapeshifter) (Vaults:1)
  3 komodo dragons
  A wind drake (Shoals:1)
  2 freezing wraiths
  A deep elf priest (D:15)
  A jumping spider (shapeshifter) (Depths:1)
  4 merfolk (Shoals:1)
  Prince Ribbit (Orc:1)
  2 boulder beetles
  5 blink frogs (Lair:5)
  8 trolls
  A hornet zombie (D:15)
  A centaur simulacrum (D:15)
  3 ravens
  14 slime creatures
  8 two-headed ogres
  A vampire (D:14)
  6 basilisks
  2 snapping turtles (Shoals:1)
  6 deep elf magi
  3 water elementals (Shoals:1)
  A human (D:7)
  A wraith (D:10)
  Grum (Orc:4)
  6 deep elf fighters
  46 yaks
  14 hippogriffs
  3 wyverns
  6 hungry ghosts
  76 nagas
  15 vampire mosquitoes
  2 mottled dragons
  A redback simulacrum (D:15)
  8 wargs
  8 soldier ants
  36 water moccasins
  17 wolves
  An ogre skeleton (Vaults:1)
  3 ice beasts
  10 porcupines
  3 sky beasts
  A hornet simulacrum (D:15)
  An eye of draining (D:12)
  A swamp drake (Orc:1)
  An eye of draining (shapeshifter) (Vaults:2)
  4 black bears
  58 orc warriors
  2 phantoms
  A wasp (D:12)
  3 boring beetles
  33 ogres
  Sigmund (D:3)
  Duvessa (D:4)
  11 centaurs
  6 big kobolds (D:4)
  14 giant frogs
  A big kobold (shapeshifter) (Vaults:2)
  11 crocodiles
  A wyvern zombie (D:11)
  4 scorpions
  5 killer bees (D:8)
  A wyvern skeleton (D:10)
  A water moccasin skeleton (D:9)
  6 wights
  2 electric eels (D:10)
  Dowan (D:4)
  2 goliath beetles
  2 human simulacra
  6 jellies
  32 orc priests
  4 centaur skeletons
  10 crimson imps
  A gnoll shaman (D:4)
  12 hounds
  9 iguanas
  An iron imp (Orc:1)
  32 orc wizards
  24 sheep
  35 worker ants
  2 hell rats (Lair:2)
  A hound skeleton (D:10)
  A worker ant zombie (D:9)
  10 gnolls
  55 river rats
  25 adders
  A giant mite (D:4)
  A white imp (Orc:1)
  8 shadow imps
  3 worms
  An adder zombie (D:5)
  2 orc zombies (Orc:4)
  An adder skeleton (D:4)
  6 giant geckos
  2 oozes (D:4)
  297 orcs
  21 bats
  2 bat skeletons (D:5)
  A bat zombie (D:5)
  25 goblins
  25 hobgoblins
  18 jackals
  46 kobolds
  3 ball pythons
  6 giant cockroaches
  6 giant newts
  2 giant spores
  An orc skeleton (Orc:1)
  13 quokkas
  2 quokka skeletons
  A quokka zombie (D:5)
  20 rats
  6 ballistomycetes
  A bush (D:9)
  A butterfly (Volcano)
  3 fungi
  A plant (Lair:5)
1738 creatures vanquished.

Vanquished Creatures (others)
  2 nagas (Snake:5)
  An orc warrior (Vaults:1)
  2 centaurs
  A butterfly (Volcano)
  2 fungi (Lair:7)
  A plant (Lair:5)
9 creatures vanquished.

Grand Total: 1747 creatures vanquished

Notes
Turn   | Place    | Note
--------------------------------------------------------------
     0 | D:1      | noize, the Vine Stalker Enchanter, began the quest for the Orb.
     0 | D:1      | Reached XP level 1. HP: 9/9 MP: 3/3
    12 | D:1      | Reached skill level 1 in Short Blades
    91 | D:1      | Reached XP level 2. HP: 13/13 MP: 5/5
   246 | D:1      | Reached skill level 4 in Stealth
   504 | D:2      | Found a shimmering altar of Xom.
   576 | D:2      | Reached XP level 3. HP: 16/16 MP: 7/7
   593 | D:2      | Learned a level 2 spell: Ensorcelled Hibernation
   597 | D:2      | Learned a level 3 spell: Confuse
   748 | D:2      | Found a radiant altar of Vehumet.
   920 | D:3      | Reached XP level 4. HP: 18/21 MP: 2/9
  1048 | D:3      | Noticed Sigmund
  1330 | D:3      | Noticed a centaur
  1336 | D:3      | Killed a centaur
  1336 | D:3      | Reached skill level 1 in Fighting
  1336 | D:3      | Reached skill level 5 in Stealth
  1336 | D:3      | Reached XP level 5. HP: 19/25 MP: 4/11
  1585 | D:3      | Killed Sigmund
  1585 | D:3      | Gained mutation: You heal very quickly. [vine stalker growth]
  1585 | D:3      | Reached XP level 6. HP: 30/30 MP: 7/13
  1695 | D:4      | Reached skill level 6 in Stealth
  1713 | D:4      | Found a staircase to the Ecumenical Temple.
  1724 | Temple   | Entered the Ecumenical Temple
  1760 | Temple   | Became a worshipper of Dithmenos the Shadowed
  2123 | D:4      | Reached XP level 7. HP: 32/34 MP: 14/14
  2332 | D:4      | Reached skill level 7 in Stealth
  2416 | D:4      | Noticed Duvessa
  2505 | D:4      | Killed Duvessa
  2533 | D:4      | Found Poloagh's Antique Armour Emporium.
  2542 | D:4      | Bought an embroidered cloak for 103 gold pieces
  2656 | D:4      | Noticed Dowan
  2671 | D:4      | Killed Dowan
  2671 | D:4      | Gained mutation: You have razor-sharp teeth. [vine stalker growth]
  2671 | D:4      | Reached XP level 8. HP: 33/39 MP: 2/17
  2715 | D:4      | Acquired Dithmenos' first power
  2958 | D:4      | Reached skill level 8 in Stealth
  2963 | D:4      | Reached skill level 5 in Hexes
  3301 | D:5      | Entered Level 5 of the Dungeon
  3301 | D:5      | Found a basalt altar of Yredelemnul.
  3301 | D:5      | Found a shattered altar of Ashenzari.
  3304 | D:5      | Found a snail-covered altar of Cheibriados.
  3485 | D:5      | Acquired Dithmenos' second power
  3937 | D:5      | Reached skill level 9 in Stealth
  4159 | D:6      | Reached XP level 9. HP: 45/45 MP: 18/18
  4226 | D:6      | Learned a level 1 spell: Magic Dart
  4268 | D:6      | Acquired Dithmenos' third power
  4317 | D:6      | Reached skill level 1 in Conjurations
  4713 | D:6      | Found a deep blue altar of Sif Muna.
  5509 | D:7      | You fall through a shaft for 3 floors!
  5509 | D:10     | Entered Level 10 of the Dungeon
  5521 | D:10     | Reached skill level 10 in Stealth
  6537 | D:7      | Got a transparent dagger
  6538 | D:7      | Identified the +7 dagger of the Hidden Suns {pierce, +Rage rC+ MR+ Str-2} (You found it on level 7 of the Dungeon)
  6680 | D:8      | Noticed a queen ant
  6688 | D:8      | Acquired Dithmenos' fourth power
  6722 | D:8      | Killed a queen ant
  6722 | D:8      | Reached skill level 5 in Short Blades
  6722 | D:8      | Reached XP level 10. HP: 28/51 MP: 19/19
  6727 | D:8      | Reached skill level 11 in Stealth
  6971 | D:8      | Reached skill level 5 in Fighting
  7063 | D:8      | Found a staircase to the Lair.
  7260 | D:8      | Got a ring of the Octopus King
  7305 | D:8      | Reached skill level 5 in Dodging
  7494 | D:9      | Found a sparkling altar of Nemelex Xobeh.
  7892 | D:9      | Found Vutunirgh's Antique Armour Shop.
  7897 | D:9      | Bought a pair of twisted gloves for 294 gold pieces
  7907 | D:9      | Identified the +1 pair of gloves of Ladders and Snakes {rPois Regen+ Dex-4} (You bought it in a shop on level 9 of the Dungeon)
  8256 | D:10     | Reached skill level 12 in Stealth
  8372 | D:10     | Reached XP level 11. HP: 40/56 MP: 2/20
  8458 | D:10     | Noticed a hill giant
  8465 | D:10     | Killed a hill giant
  8902 | D:11     | Noticed a hill giant
  9543 | D:10     | Killed a hill giant
  9683 | D:11     | Identified a ring of the Octopus King {AC+1 EV+1 Str+1 Int+1 Dex+1 SInv} (You found it on level 8 of the Dungeon)
  9713 | D:11     | Noticed a hill giant
  9750 | D:11     | Noticed a hill giant
  9941 | D:11     | Noticed a hill giant
  9952 | D:11     | Killed a hill giant
  9987 | D:11     | Reached skill level 5 in Conjurations
 10013 | D:11     | Found a staircase to the Orcish Mines.
 10076 | D:11     | Killed a hill giant
 10076 | D:11     | Reached skill level 13 in Stealth
 10140 | D:11     | Killed a hill giant
 10185 | Orc:1    | Entered Level 1 of the Orcish Mines
 10292 | Orc:1    | Found Giumaf's Jewellery Boutique.
 10546 | Orc:1    | Noticed Prince Ribbit
 10864 | Orc:1    | Got a scorched hat
 10870 | Orc:1    | Identified the +2 hat of the Evening Star {rPois} (You found it on level 1 of the Orcish Mines)
 10962 | Orc:1    | Learned a level 2 spell: Repel Missiles
 10965 | Orc:1    | Learned a level 2 spell: Blink
 10969 | Orc:1    | Learned a level 3 spell: Mephitic Cloud
 11047 | Orc:1    | Killed Prince Ribbit
 11598 | Orc:3    | Found a staircase to the Elven Halls.
 11645 | Orc:3    | Found a roughly hewn altar of Beogh.
 11650 | Orc:3    | Gained mutation: You regenerate. [vine stalker growth]
 11650 | Orc:3    | Reached XP level 12. HP: 62/62 MP: 21/21
 11750 | Orc:3    | Found a bloodstained altar of Trog.
 12261 | Orc:3    | Reached skill level 1 in Charms
 12501 | Orc:4    | Entered Level 4 of the Orcish Mines
 12577 | Orc:4    | Noticed Grum
 12583 | Orc:4    | Killed Grum
 13194 | Orc:4    | Noticed Fannar
 13265 | Orc:4    | Noticed an orc warlord
 13347 | Orc:4    | Killed an orc warlord
 13347 | Orc:4    | Reached skill level 14 in Stealth
 13400 | Orc:4    | Found a roughly hewn altar of Beogh.
 13417 | Orc:4    | Noticed an orc high priest
 13430 | Orc:4    | Noticed an orc high priest
 13450 | Orc:4    | Noticed an orc high priest
 13478 | Orc:4    | Killed an orc high priest
 13490 | Orc:4    | Noticed an orc high priest
 13559 | Orc:4    | Killed an orc high priest
 14304 | Orc:4    | Found a roughly hewn altar of Beogh.
 14376 | Orc:4    | Reached XP level 13. HP: 43/67 MP: 8/22
 14641 | Orc:4    | Found Hyirahyuh's Antique Armour Emporium.
 14687 | Orc:4    | Bought an embroidered robe for 28 gold pieces
 14707 | Orc:4    | Found Mivval's Distillery.
 14738 | Orc:4    | Bought a potion of degeneration for 15 gold pieces
 14787 | Orc:4    | Gained mutation: Your spells are a little harder to cast, but a little more powerful. [potion of mutation]
 14787 | Orc:4    | Gained mutation: You are weak. (Str -2) [potion of mutation]
 14787 | Orc:4    | Gained mutation: You can breathe flames. [potion of mutation]
 14946 | Orc:4    | Killed Fannar
 15567 | Orc:4    | Noticed an orc high priest
 15580 | Orc:4    | Killed an orc high priest
 15706 | Orc:4    | Killed an orc high priest
 15731 | Orc:4    | Noticed an orc high priest
 15823 | Orc:4    | Killed an orc high priest
 15858 | Orc:4    | Found Fas Schyane's Book Shoppe.
 15878 | Orc:4    | Bought a book of Party Tricks for 500 gold pieces
 16062 | Orc:4    | Found Plakkasm's Gadget Emporium.
 16154 | Orc:4    | Killed an orc high priest
 16493 | D:10     | Noticed a hill giant
 16507 | D:10     | Killed a hill giant
 16507 | D:10     | Reached skill level 5 in Charms
 16582 | Lair:1   | Entered Level 1 of the Lair of Beasts
 16676 | Lair:1   | Noticed Gastronok
 17166 | Lair:1   | Killed Gastronok
 17211 | Lair:1   | Lost mutation: You can breathe flames. [potion of cure mutation]
 17211 | Lair:1   | Lost mutation: You are weak. (Str -2) [potion of cure mutation]
 17211 | Lair:1   | Lost mutation: Your spells are a little harder to cast, but a little more powerful. [potion of cure mutation]
 18150 | Lair:2   | Learned a level 6 spell: Invisibility
 18975 | Lair:3   | Reached skill level 15 in Stealth
 19009 | Lair:3   | Reached XP level 14. HP: 74/74 MP: 25/25
 19277 | Lair:3   | Found a staircase to the Snake Pit.
 19572 | Lair:4   | Learned a level 1 spell: Apportation
 20077 | Lair:4   | Reached skill level 10 in Hexes
 20162 | Lair:4   | Found a staircase to the Swamp.
 21810 | Lair:6   | Found a staircase to the Shoals.
 21821 | Lair:6   | Found a dark tunnel.
 21862 | Volcano  | Entered a volcano
 21880 | Volcano  | Found a bloodstained altar of Trog.
 21882 | Volcano  | Noticed ronnideworm's ghost (experienced MiBe)
 21920 | Volcano  | Killed ronnideworm's ghost
 22115 | Lair:6   | Noticed Alarkh's ghost (powerful OpTm)
 22133 | Lair:6   | Killed Alarkh's ghost
 22276 | Lair:6   | Reached skill level 5 in Spellcasting
 22684 | Lair:7   | Found a staircase to the Slime Pits.
 22785 | Lair:7   | Found a blossoming altar of Fedhas.
 23002 | Lair:7   | Found a viscous altar of Jiyva.
 23427 | Lair:8   | Entered Level 8 of the Lair of Beasts
 23494 | Lair:8   | Gained mutation: You can breathe flames. [potion of beneficial mutation]
 23778 | Lair:8   | Reached XP level 15. HP: 79/79 MP: 29/29
 24019 | Lair:8   | Reached skill level 10 in Short Blades
 24062 | Lair:8   | Reached skill level 16 in Stealth
 24137 | Lair:8   | Gained mutation: You are weak. (Str -2) [mutagenic glow]
 24966 | Lair:1   | Learned a level 5 spell: Lightning Bolt
 25280 | Orc:4    | Bought a book of Clouds for 450 gold pieces
 25799 | D:12     | Found a flagged portal.
 25806 | Bailey   | Entered a bailey
 25923 | Bailey   | Got a flickering silver ring
 25946 | Bailey   | Identified the cursed ring "Aseteiz" {rElec MR+ Str-2 Int+6 Dex-4} (You found it in a bailey)
 26467 | D:13     | Found Vahan's Distillery.
 26492 | D:13     | Bought a potion of curing for 45 gold pieces
 26492 | D:13     | Bought a potion of curing for 45 gold pieces
 27065 | D:14     | Found Plaevimp's Weapon Boutique.
 27120 | D:14     | Found a gate to the Vaults.
 27554 | D:14     | Reached XP level 16. HP: 82/84 MP: 31/31
 28191 | D:15     | Entered Level 15 of the Dungeon
 28441 | D:15     | Noticed Frances
 28472 | D:15     | Killed Frances
 28840 | D:15     | Reached skill level 17 in Stealth
 29018 | D:15     | Found a staircase to the Depths.
 29567 | Snake:1  | Entered Level 1 of the Snake Pit
 29784 | Snake:1  | Found Curoacs' Gadget Shoppe.
 29991 | Snake:1  | Reached skill level 10 in Dodging
 31737 | Snake:2  | Reached XP level 17. HP: 87/87 MP: 32/32
 31855 | Snake:2  | Learned a level 6 spell: Freezing Cloud
 31944 | Snake:2  | Got a clouded marble ring
 32485 | Snake:2  | Reached skill level 10 in Charms
 32759 | Snake:3  | Reached skill level 1 in Ice Magic
 34046 | Snake:4  | Identified the ring of Ecwugunt {MR+ MP+9 Stlth+} (You took it off a naga on level 2 of the Snake Pit)
 34072 | Snake:4  | Noticed Thomus' ghost (mighty HOFi)
 34087 | Snake:4  | Killed Thomus' ghost
 34249 | Snake:4  | Reached skill level 18 in Stealth
 34252 | Snake:4  | Reached skill level 10 in Conjurations
 34743 | Snake:4  | Reached XP level 18. HP: 46/92 MP: 8/34
 34793 | Snake:5  | Entered Level 5 of the Snake Pit
 35028 | Snake:5  | Learned a level 2 spell: Swiftness
 35305 | Snake:5  | HP: 3/92 [naga sharpshooter/bolt of flame (10)]
 35632 | Snake:5  | Reached skill level 5 in Ice Magic
 35916 | Snake:5  | Noticed Aizul
 36123 | Snake:5  | Killed Aizul
 37448 | Snake:5  | Got a serpentine rune of Zot
 37593 | Snake:5  | Reached skill level 1 in Evocations
 38370 | Shoals:1 | Entered Level 1 of the Shoals
 38846 | Shoals:1 | Reached skill level 19 in Stealth
 38846 | Shoals:1 | Reached XP level 19. HP: 96/96 MP: 36/36
 39544 | Depths:1 | Entered Level 1 of the Depths
 39630 | Depths:1 | Found a gateway to Hell.
 40146 | Depths:1 | Found a one-way gate to the infinite horrors of the Abyss.
 40188 | Depths:1 | Gained mutation: You are clumsy. (Dex -2) [mutagenic glow]
 40328 | Vaults:1 | Entered Level 1 of the Vaults
 41245 | Vaults:1 | Found a portal to a secret trove of treasure.
 41456 | Vaults:1 | Found Gozag's Antique Weapon Emporium.
 41458 | Vaults:1 | Found an opulent altar of Gozag.
 41463 | Vaults:1 | Found Gozag's Antique Armour Shoppe.
 41476 | Vaults:1 | Found Gozag's Antique Weapon Shoppe.
 41482 | Vaults:1 | Reached skill level 5 in Evocations
 41640 | Vaults:1 | Bought an opalescent robe for 570 gold pieces
 41650 | Vaults:1 | Identified the +0 robe "Boykotos" {rElec rF+ Str-5 Int+4 SInv} (You bought it in a shop on level 1 of the Vaults)
 42048 | Vaults:2 | Reached XP level 20. HP: 87/100 MP: 36/36
 42276 | Vaults:2 | Found Afauck's Gadget Emporium.
 42619 | Vaults:2 | Noticed a golden dragon
 42624 | Vaults:2 | a golden dragon changed into a titan
 42975 | Vaults:2 | Mangled by an ironbrand convoker

Action                   |  1- 3 |  4- 6 |  7- 9 | 10-12 | 13-15 | 16-18 | 19-21 || total
-------------------------+-------+-------+-------+-------+-------+-------+-------++-------
Melee: Dagger            |   148 |   110 |   513 |  1054 |  1430 |  1236 |   542 ||  5033
       Unarmed           |       |     4 |       |       |       |       |       ||     4
Throw: Javelin           |       |       |     1 |       |     4 |       |     1 ||     6
 Cast: Ensorcelled Hiber |     5 |    12 |    37 |   152 |   124 |   214 |    96 ||   640
       Confuse           |       |       |     7 |    22 |    37 |   164 |    57 ||   287
       Magic Dart        |       |       |     1 |     3 |    56 |   174 |    85 ||   319
       Blink             |       |       |       |       |     4 |     1 |    10 ||    15
       Invisibility      |       |       |       |       |     8 |     6 |    10 ||    24
       Mephitic Cloud    |       |       |       |       |     5 |     2 |     8 ||    15
       Repel Missiles    |       |       |       |       |     1 |    13 |     3 ||    17
       Lightning Bolt    |       |       |       |       |       |    12 |     2 ||    14
       Swiftness         |       |       |       |       |       |     5 |       ||     5
 Abil: Evoke Berserk Rag |       |       |     1 |     1 |     2 |     3 |       ||     7
       Evoke Flight      |       |       |       |       |     1 |       |       ||     1
Evoke: Wand              |       |       |     1 |     4 |     9 |     4 |     1 ||    19
  Use: Scroll            |       |       |    15 |     6 |    12 |    13 |     5 ||    51
       Potion            |       |       |       |     1 |    16 |     1 |       ||    18
 Stab: Sleeping          |     6 |     9 |    46 |   135 |   213 |   197 |    87 ||   693
       Confused          |       |       |     4 |    11 |    34 |    86 |    25 ||   160
       Distracted        |       |       |       |     5 |    13 |     6 |     1 ||    25
       Invisible         |       |       |       |       |    16 |    10 |    31 ||    57
  Eat: Chunk             |       |     5 |    18 |    28 |    47 |    40 |    14 ||   152
       Meat ration       |       |       |       |     2 |     1 |       |       ||     3
       Pizza             |       |       |       |     1 |       |       |       ||     1
       Beef jerky        |       |       |       |       |     1 |     2 |     3 ||     6
       Fruit             |       |       |       |       |     2 |       |       ||     2
       Royal jelly       |       |       |       |       |       |     1 |       ||     1
